 Dungeon Crawl Stone Soup version 0.28-b1-25-g9875b3fc8c (webtiles) character file.

Game seed: 682777751073067328

205 cayde69 the Shield-Bearer (level 5, -4/46 HPs)
             Began as a Minotaur Fighter on Feb 1, 2022.
             Was an Initiate of Okawaru.
             Killed by divine providence
             ... invoked by an orc priest
              (11 damage)
             ... on level 4 of the Dungeon.
             The game lasted 00:04:56 (2183 turns).

cayde69 the Shield-Bearer (Minotaur Fighter)        Turns: 2183, Time: 00:04:58

Health: -4/46      AC: 14    Str: 22    XL:     5   Next: 52%
Magic:  4/4        EV:  9    Int:  5    God:    Okawaru [......]
Gold:   129        SH:  4    Dex: 10    Spells: 4/4 levels left

rFire   . . .      SeeInvis .   l - +2 flail (protect)
rCold   . . .      Faith    .   c - +0 buckler
rNeg    . . .      Spirit   .   b - +0 scale mail
rPois   .          Reflect  .   (helmet restricted)
rElec   .          Harm     .   (no cloak)
rCorr   .          Rampage  .   (no gloves)
Will    .....                   (no boots)
Stlth   ..........              (no amulet)
HPRegen 0.15/turn               (no ring)
MPRegen 0.09/turn               (no ring)

@: mighty, under a protective aura
A: horns 2, retaliatory headbutt
a: Renounce Religion


You were on level 4 of the Dungeon.
You worshipped Okawaru.
Okawaru was noncommittal.
You visited 1 branch of the dungeon, and saw 4 of its levels.

You collected 129 gold pieces.

Inventory:

Hand Weapons
 a - a +0 war axe
 l - a +2 flail of protection (weapon)
 s - a +2 dagger of flaming
Missiles
 r - 25 bolts
Armour
 b - a +0 scale mail (worn)
 c - a +0 buckler (worn)
Jewellery
 m - a ring of wizardry
Wands
 n - a wand of polymorph (7)
Scrolls
 e - a scroll of silence {unknown}
 f - a scroll of fog {unknown}
 h - a scroll of teleportation {unknown}
 i - a scroll of noise {unknown}
 o - a scroll of identify {unknown}
 p - a scroll of acquirement {unknown}
Potions
 g - 2 potions of degeneration {unknown}
 j - a potion of resistance {unknown}
 k - a potion of curing {unknown}
 q - a potion of haste {unknown}


   Skills:
 + Level 4.2 Fighting
 - Level 3.8(4.3) Axes
 * Level 3.0(3.9) Maces & Flails
 + Level 4.5 Armour
 + Level 0.8 Dodging
 + Level 0.1 Stealth
 + Level 4.8 Shields


You had 4 spell levels left.
You didn't know any spells.
Your spell library contained the following spells:

 Spells                   Type           Power      Damage    Failure   Level
 Apportation              Tloc           0%         N/A       87%         1
 Sublimation of Blood     Necr           0%         N/A       95%         2
 Wereblood                Tmut           0%         N/A       95%         2
 Animate Skeleton         Necr           Unusable   N/A       N/A         1
 Summon Small Mammal      Summ           Unusable   N/A       N/A         1
 Summon Hydra             Summ           Unusable   N/A       N/A         7

Dungeon Overview and Level Annotations

Branches:
Dungeon (4/15)
 Temple: D:4-7

Altars:
Okawaru
Ru


Innate Abilities, Weirdness & Mutations

You have a pair of horns on your head.
You reflexively headbutt those who attack you in melee.


Message History

No target in view!
No target in view!
Found a stone staircase leading down.
An orc comes into view. It is wielding a +0 trident.
The orc shouts!
An orc priest comes into view.
It is wielding a +0 flail of holy wrath.
The orc priest shouts!
The orc hits you with a +0 trident.
The orc priest mumbles some strange prayers to Beogh against you.
Beogh smites you!
You thump the orc!
Your weapon exudes an aura of protection.
You kill the orc!
Okawaru accepts your kill.
An orc comes into view. It is wielding a +4 flail.
The orc priest mumbles some strange prayers to Beogh against you.
Beogh smites you!
The orc moves out of view.
You are too injured to fight recklessly!
You are too injured to fight recklessly!
You are too injured to fight recklessly!
You are too injured to fight recklessly!
You are too injured to fight recklessly!
Unknown command.
The orc priest hits you with a +0 flail of holy wrath.
* * * LOW HITPOINT WARNING * * *
You hit the orc priest.
Your weapon exudes an aura of protection.
The orc priest is lightly wounded.
The orc hits you but does no damage.
The orc priest calls down the wrath of Beogh upon you.
Pain shoots through your body!
* * * LOW HITPOINT WARNING * * *
You are too injured to fight recklessly!
You feel very mighty all of a sudden. The orc closely misses you.
You furiously retaliate!
You headbutt the orc!
You kill the orc!
Okawaru accepts your kill.
The orc priest invokes the aid of Beogh against you.
Beogh smites you!
You die...

#... #.........
#...###.........
.........#####.#
...............#
.........######
#...###).## #...
#...# #?. #.o.#
........#@#
.#....#)#
.........
..#.#....#.
...........#
...#...## # ....
.....


You could see an orc priest.

Vanquished Creatures
  A phantom (D:4)
  4 gnolls (D:2)
  4 adders
  2 dart slugs (D:1)
  3 orcs
  3 ball pythons
  3 endoplasms
  2 giant cockroaches
  6 goblins
  4 hobgoblins
  6 jackals
  2 quokkas
  5 bats
  2 frilled lizards
  A kobold (D:2)
  4 rats
52 creatures vanquished.

Notes
Turn   | Place    | Note
-------+----------+-------------------------------------------
     0 | D:1      | cayde69 the Minotaur Fighter began the quest for the Orb.
     0 | D:1      | Reached XP level 1. HP: 19/19 MP: 0/0
   280 | D:1      | Reached XP level 2. HP: 25/27 MP: 1/1
   632 | D:2      | Reached XP level 3. HP: 12/33 MP: 2/2
   913 | D:2      | Reached XP level 4. HP: 40/40 MP: 3/3
  1655 | D:3      | Found a sacrificial altar of Ru.
  1655 | D:3      | Found an iron altar of Okawaru.
  1721 | D:3      | Reached skill level 1 in Maces & Flails
  1746 | D:3      | Became a worshipper of Warmaster Okawaru
  2147 | D:4      | Noticed a phantom
  2156 | D:4      | Killed a phantom
  2157 | D:4      | Reached XP level 5. HP: 46/46 MP: 4/4
  2183 | D:4      | Killed from afar by an orc priest

Illustrated notes

Levels and vault maps discovered:
D:1:      psy_arrival_conway, layout_rooms, chequers_serial_rivers_micro_e
D:2:      layout_loops_ring, small_statue_intersection
D:3:      minmay_roachtagon, layout_basic, jmf_multi_god_temple,
          chequers_serial_rivers_small_3
D:4:      layout_loops_cross, mainiacjoe_overflow_catwalk_spiral,
          nicolae_yredelemnul_ghost_church, minmay_temple_entry_proselytizer,
          serial_shops, kennysheep_mini_moat, minmay_misc_feat_cross,
          uniq_edmund, uniq_grinder

Skill      XL: |  1  2  3  4 |
---------------+-------------+-----
Axes           | 3 |  3.8
Fighting       | 4 |  4.2
Shields        | 4 |  4.8
Armour         | 4 |  4.5
Maces & Flails | 3 |  3.0
Dodging        | |  0.8
Stealth        | |  0.1

Action                   |  1- 3 |  4- 6 || total
-------------------------+-------+-------++-------
Melee: War axe           |    40 |       ||    40
       Headbutt          |     8 |     2 ||    10
       Flail             |     1 |    49 ||    50
  Use: Potion            |     1 |     1 ||     2
Armor: Scale mail        |    17 |    24 ||    41
Dodge: Dodged            |    24 |    21 ||    45
Block: Buckler           |    16 |    13 ||    29
